 Dungeon Crawl Stone Soup version 0.22.0-16-gc6d26f6 (webtiles) character file.

74 Gearfox the Skirmisher (level 4, -3/37 HPs)
             Began as a Human Abyssal Knight on Aug 17, 2018.
             Was a Believer of Lugonu.
             Slain by a goblin
             ... wielding a +2 dagger of electrocution
              (18 damage)
             ... on level 3 of the Dungeon.
             The game lasted 00:16:33 (2244 turns).

Gearfox the Skirmisher (Human Abyssal Knight)       Turns: 2244, Time: 00:16:34

Health: -3/37      AC:  8    Str: 13    XL:     4   Next: 54%
Magic:  5/5        EV:  9    Int: 12    God:    Lugonu [**....]
Gold:   82         SH:  0    Dex: 13    Spells: 3/3 levels left

rFire    . . .     SeeInvis .   h - +3 short sword
rCold    . . .     Gourm    .   (no shield)
rNeg     . . .     Faith    .   g - +2 scale mail
rPois    .         Spirit   .   (no helmet)
rElec    .         Reflect  .   (no cloak)
rCorr    .         Harm     .   (no gloves)
MR       .....                  (no boots)
Stlth    ..........             (no amulet)
HPRegen  0.12/turn              e - -2 ring of slaying (curse)
MPRegen  0.09/turn              (no ring)

@: no status effects
A: no striking features
a: Depart the Abyss, Bend Space, Renounce Religion


You were on level 3 of the Dungeon.
You worshipped Lugonu.
Lugonu was pleased with you.
You were not hungry.

You visited 1 branch of the dungeon, and saw 3 of its levels.
You visited the Abyss 1 time.

You collected 82 gold pieces.

Inventory:

Hand Weapons
 a - a +1 short sword
 c - a +0 scythe
 h - a +3 short sword (weapon)
Armour
 b - a +0 leather armour
 g - a +2 scale mail (worn)
Jewellery
 e - a cursed -2 ring of slaying (left hand)
Potions
 f - a potion of resistance
 i - a potion of lignification {unknown}
 j - a potion of degeneration {unknown}
Comestibles
 d - a chunk of flesh
 k - a ration


   Skills:
 * Level 3.9 Fighting
 * Level 2.9 Short Blades
 * Level 2.4 Armour
 + Level 1.3 Dodging
 + Level 0.2 Stealth
 + Level 2.1 Invocations


You had 3 spell levels left.
You didn't know any spells.
Your spell library was empty.

Dungeon Overview and Level Annotations

Branches:
Dungeon (3/15)

Altars:
Okawaru
Zin


Message History

The goblin shoots a stone.
The stone hits you but does no damage.
You see here a stone.
The goblin shoots a stone.
The stone barely misses you.
The goblin shoots a stone.
The stone closely misses you. The worm barely misses you.
Found 16 sling bullets.
You completely miss the worm.
The goblin unwields an uncursed hunting sling.
The goblin wields an uncursed dagger of electrocution.
You hear the crackle of electricity.
The goblin hits you with an uncursed dagger of electrocution.
You hit the worm but do no damage. The worm barely misses you.
You hit the worm.
The worm is lightly wounded.
The goblin hits you but does no damage.
You are electrocuted!
Ouch! That really hurt!
You hit the worm.
The worm is heavily wounded.
The goblin hits you but does no damage.
You are electrocuted!
You die...

.# #############.
.............
#..........# ##
#..........#...
#...#(#........
#...._.wg......
.#+######.#@.......
...............%###
.......(.(..###....
............# (##
............#
.........(..#
............#
...........(###.#.#
#####....).........


You could see a worm and a goblin.

Vanquished Creatures
  A gnoll (D:1)
  An adder (D:3)
  An ooze (D:1)
  2 worms (D:2)
  A dart slug (D:2)
  7 bats
  4 giant cockroaches
  9 goblins
  8 hobgoblins
  A ball python (D:1)
  A frilled lizard (D:2)
  3 kobolds
  3 rats
42 creatures vanquished.

Notes
Turn   | Place    | Note
-------+----------+-------------------------------------------
     0 | Abyss:1  | Gearfox the Human Abyssal Knight began the quest for the Orb.
     0 | Abyss:1  | Reached XP level 1. HP: 18/18 MP: 2/2
   110 | D:1      | Escaped the Abyss
   306 | D:1      | Reached XP level 2. HP: 24/24 MP: 3/3
   683 | D:1      | Reached XP level 3. HP: 28/29 MP: 4/4
  1062 | D:2      | Reached ** piety under Lugonu
  1496 | D:2      | Reached XP level 4. HP: 24/36 MP: 5/5
  2139 | D:3      | Found a glowing silver altar of Zin.
  2139 | D:3      | Noticed an angel
  2195 | D:3      | Found an iron altar of Okawaru.
  2244 | D:3      | Slain by a goblin

Action                   |  1- 3 |  4- 6 || total
-------------------------+-------+-------++-------
Melee: Short sword       |   126 |    54 ||   180
  Use: Scroll            |     5 |     3 ||     8
       Potion            |     1 |       ||     1
  Eat: Chunk             |     2 |       ||     2
       Ration            |     1 |       ||     1
Armor: Leather armour    |     6 |       ||     6
       Scale mail        |    65 |    48 ||   113
Dodge: Dodged            |    71 |    50 ||   121
